 Dungeon Crawl Stone Soup version 0.23.2-30-g0e89c35649 (webtiles) character file.

Game seed: 5054192250970455265

23958 KamiKatze the Cleaver (level 13, 0/87 HPs)
             Began as a Gargoyle Berserker on June 11, 2019.
             Was the Champion of Trog.
             Slain by a two-headed hydra (4 damage)
             ... on level 3 of the Lair of Beasts.
             The game lasted 00:55:48 (14377 turns).

KamiKatze the Cleaver (Gargoyle Berserker)         Turns: 14377, Time: 00:55:49

Health: 0/87       AC: 23    Str: 24    XL:     13   Next: 10%
Magic:  13/13      EV: 17    Int:  8    God:    Trog [******]
Gold:   825        SH:  4    Dex: 11    Spells: 12/12 levels left

rFire    . . .     SeeInvis .   a - +1 war axe (flame)
rCold    + . .     Gourm    .   L - +0 buckler
rNeg     + . .     Faith    .   o - +1 ring mail {rC+}
rPois    ∞         Spirit   .   q - +1 helmet
rElec    +         Reflect  .   k - +0 cloak
rCorr    +         Harm     .   I - +1 pair of gloves
MR       .....                  (no boots)
Stlth    +.........             m - amulet of magic regeneration (curse)
HPRegen  0.24/turn              p - ring of resist corrosion
MPRegen  0.38/turn              z - +4 ring of evasion

@: no status effects
A: negative energy resistance 1, electricity resistance, unbreathing,
petrification resistance, rot immunity, AC +9
a: Berserk, Trog's Hand, Brothers in Arms, Renounce Religion


You were on level 3 of the Lair of Beasts.
You worshipped Trog.
Trog was exalted by your worship.
You were not hungry.

You visited 3 branches of the dungeon, and saw 15 of its levels.
You also visited: Sewer and Ossuary.

You collected 825 gold pieces.

Inventory:

Hand Weapons
 a - a +1 war axe of flaming (weapon)
 E - a +0 battleaxe
Missiles
 d - 102 sling bullets
 e - 454 stones (quivered)
 x - a throwing net
Armour
 k - a +0 cloak (worn)
 o - a +1 ring mail of cold resistance (worn)
 q - a +1 helmet (worn)
 t - a +0 chain mail
 C - a +0 plate armour
 I - a +1 pair of gloves (worn)
 L - a +0 buckler (worn)
Jewellery
 m - a cursed amulet of magic regeneration (around neck)
 p - a ring of resist corrosion (left hand)
 s - an uncursed ring of see invisible {unknown}
 z - a +4 ring of evasion (right hand)
 D - an uncursed amulet of faith {unknown}
Wands
 h - a wand of polymorph (11)
 n - a wand of flame (12)
 r - a wand of acid (7)
 G - a wand of iceblast (6)
Scrolls
 f - 8 scrolls of teleportation
 g - 5 scrolls of remove curse
 l - a scroll of fear {unknown}
 w - a scroll of blinking {unknown}
 y - 2 scrolls of immolation {unknown}
 K - a scroll of magic mapping
Potions
 b - 2 potions of cancellation
 i - a potion of haste {unknown}
 j - a potion of agility
 u - 2 potions of flight
 v - 2 potions of lignification
 A - 2 potions of heal wounds
 B - 5 potions of might
 F - 4 potions of berserk rage
 J - a potion of curing
Comestibles
 c - 27 rations
 H - 4 chunks of flesh


   Skills:
 + Level 12.4 Fighting
 * Level 14.2 Axes
 + Level 7.3 Armour
 + Level 5.5 Dodging
 - Level 4.0 Shields


You had 12 spell levels left.
You didn't know any spells.
Your spell library was empty.

Dungeon Overview and Level Annotations

Branches:
Dungeon (11/15)            Temple (1/1) D:4            Lair (3/6) D:8
  Swamp (0/4) Lair:2       Spider (0/4) Lair:3          Orc (0/2) D:9

Altars:
Ashenzari
Cheibriados
Dithmenos
Elyvilon
Fedhas
Gozag
Hepliaklqana
Kikubaaqudgha
Makhleb
Nemelex Xobeh
Okawaru
Qazlal
Ru
Sif Muna
Trog
Uskayaw
Vehumet
Wu Jian
Xom
Yredelemnul
Zin
The Shining One

Shops:
D:4 (   D:8 !

Annotations:
D:3 1 runed translucent door, Veritas's ghost, amateur HuAs


Innate Abilities, Weirdness & Mutations

You are resistant to torment.
Your stone body is resilient. (AC +9)
You are immune to poison.
You resist negative energy. (rN+)
You are resistant to electric shocks. (rElec)
You can survive without breathing.
You are immune to petrification.
You are immune to rotting.


Message History

You lop one of the four-headed hydra's heads off!
The flame cauterises the wound!
You slash the three-headed hydra! You burn the three-headed hydra.
The three-headed hydra is severely wounded.
The three-headed hydra bites you but does no damage.
The three-headed hydra bites you!
* * * LOW HITPOINT WARNING * * *
The three-headed hydra bites you but does no damage.
You hack one of the three-headed hydra's heads off!
The flame cauterises the wound!
You slash the two-headed hydra! You burn the two-headed hydra.
The two-headed hydra is almost dead.
The two-headed hydra bites you but does no damage. x2
Unknown command.
You barely miss the two-headed hydra.
The two-headed hydra is almost dead.
The two-headed hydra bites you.
* * * LOW HITPOINT WARNING * * *
The two-headed hydra bites you.
You die...

.....# ....## ##)## ####
#### ##### .#P# ###..)###
...# #P......## ..# ###
#........###D.#
#.#####.........@.#
.....####........#.#
.....#.##....##### # ###
......#.#.....## ##P.##
...............######....##
....#..........##..##.....#
#..###P#.........##....####
#.## ###....###.......P#
..# ##..## ##..P..###


You could see a two-headed hydra.

Vanquished Creatures
  Gastronok (Lair:3)
  A hydra (D:9)
  Erica (D:7)
  3 two-headed ogres
  2 unseen horrors
  A cyclops (D:11)
  8 elephants (Lair:2)
  A black mamba (Lair:2)
  Psyche (D:9)
  A rime drake (Lair:2)
  5 spiny frogs
  A komodo dragon (Lair:3)
  A troll (D:8)
  A polar bear (Lair:2)
  2 bog bodies (Lair:2)
  2 dream sheep (D:9)
  3 hippogriffs
  Sigmund (D:2)
  A wraith (D:11)
  15 yaks
  A basilisk (Lair:3)
  A hungry ghost (D:11)
  Edmund (D:4)
  3 water moccasins
  7 porcupines
  5 orc warriors
  4 sky beasts
  An eye of draining (D:9)
  3 phantoms
  2 necrophages
  A black bear (D:11)
  3 ice beasts
  3 centaurs
  3 ogres
  2 crocodiles
  6 big kobolds
  A gnoll sergeant (D:7)
  Blork the orc (D:3)
  7 bullfrogs
  A scorpion (D:7)
  3 wights (D:8)
  8 killer bees
  6 howler monkeys
  2 electric eels (D:8)
  3 crimson imps
  A bullfrog zombie (D:7)
  10 hounds
  A centaur zombie (Ossuary)
  2 human zombies (Ossuary)
  3 centaur skeletons
  9 orc priests
  2 iguanas
  A bullfrog skeleton (D:6)
  Jessica (D:2)
  9 worker ants
  13 orc wizards
  8 hell rats (Lair:3)
  2 big kobold zombies (Ossuary)
  A hound skeleton (D:8)
  4 mummies
  3 worker ant zombies
  5 gnolls (D:7)
  9 river rats (Lair:3)
  20 adders
  3 oozes
  An adder skeleton (D:6)
  7 worms
  A dart slug (D:1)
  4 leopard geckos
  54 orcs
  9 giant cockroaches
  5 goblins
  10 hobgoblins
  9 jackals
  25 kobolds
  13 quokkas
  5 ball pythons
  12 bats
  7 frilled lizards
  2 hobgoblin zombies (Ossuary)
  An orc zombie (Ossuary)
  A quokka skeleton (D:7)
  17 rats
  A spectral orc (D:5)
  2 fungi (Lair:3)
  2 plants (Sewer)
425 creatures vanquished.

Vanquished Creatures (others)
  A shadow imp (D:8)
  An orc (D:8)
  2 fungi (Lair:2)
  2 plants
  A withered plant (D:3)
7 creatures vanquished.

Grand Total: 432 creatures vanquished

Notes
Turn   | Place    | Note
-------+----------+-------------------------------------------
     0 | D:1      | KamiKatze the Gargoyle Berserker began the quest for the
                  | Orb.
     0 | D:1      | Reached XP level 1. HP: 14/14 MP: 1/1
    64 | D:1      | Reached skill level 3 in Axes
    86 | D:1      | Reached XP level 2. HP: 16/19 MP: 2/2
   330 | D:1      | Reached XP level 3. HP: 21/24 MP: 3/3
   565 | D:1      | Reached ** piety under Trog
  1004 | D:2      | Reached XP level 4. HP: 21/29 MP: 4/4
  1020 | D:2      | Noticed Sigmund
  1148 | D:2      | Reached skill level 4 in Axes
  1344 | D:2      | Killed Sigmund
  1344 | D:2      | Reached skill level 5 in Axes
  1344 | D:2      | Reached XP level 5. HP: 34/34 MP: 5/5
  1344 | D:2      | Reached XP level 6. HP: 40/40 MP: 6/6
  1472 | D:2      | Noticed Jessica
  1486 | D:2      | Killed Jessica
  1486 | D:2      | Reached skill level 5 in Fighting
  2036 | D:3      | Found a runed translucent door.
  2036 | D:3      | Noticed Veritas's ghost (amateur HuAs)
  2112 | D:3      | Found a shadowy altar of Dithmenos.
  2318 | D:3      | Reached *** piety under Trog
  2800 | D:4      | Noticed Blork the orc
  2805 | D:3      | Killed Blork the orc
  2805 | D:3      | Reached skill level 6 in Axes
  2805 | D:3      | Reached XP level 7. HP: 29/44 MP: 7/7
  2820 | D:4      | Found a staircase to the Ecumenical Temple.
  2821 | D:4      | Got a smoking mace
  2830 | Temple   | Entered the Ecumenical Temple
  3188 | D:4      | Found Vaocs's Antique Weapon Emporium.
  3190 | D:4      | Noticed Edmund
  3225 | D:4      | Killed Edmund
  3859 | D:4      | Identified the +8 mace of the Spectre {crush, +Inv rC+
                  | Str+4 Dex+4} (You found it on level 4 of the Dungeon)
  3922 | D:5      | Entered Level 5 of the Dungeon
  3927 | D:5      | Reached skill level 7 in Axes
  4069 | D:5      | Reached XP level 8. HP: 29/52 MP: 8/8
  4073 | D:5      | Found a sand-covered staircase.
  4082 | Ossuary  | Entered an ossuary
  4417 | Ossuary  | Reached **** piety under Trog
  4568 | D:5      | Found a basalt altar of Yredelemnul.
  5072 | D:6      | Found a glowing drain.
  5079 | D:6      | Reached skill level 8 in Axes
  5151 | Sewer    | Entered a sewer
  6069 | D:6      | Reached XP level 9. HP: 41/59 MP: 9/9
  6175 | D:6      | Reached skill level 9 in Axes
  6858 | D:7      | Reached skill level 1 in Shields
  6894 | D:7      | Reached ***** piety under Trog
  6894 | D:7      | Reached skill level 10 in Axes
  7206 | D:7      | Got a faintly glowing glass ring
  7208 | D:7      | Identified the ring of Propriety {rPois rC- Str+7 Int+4}
                  | (You found it on level 7 of the Dungeon)
  7335 | D:8      | Found Esyluor's Distillery.
  7437 | D:7      | Reached XP level 10. HP: 31/66 MP: 10/10
  7568 | D:8      | Noticed Erica
  7662 | D:7      | Killed Erica
  7764 | D:8      | Found a staircase to the Lair.
  7791 | D:8      | Reached skill level 11 in Axes
  8048 | D:8      | Noticed a two-headed ogre
  8063 | D:8      | Killed a two-headed ogre
  8063 | D:8      | Reached skill level 10 in Fighting
  8347 | D:9      | Noticed Psyche
  8354 | D:9      | Killed Psyche
  8473 | D:9      | Reached skill level 12 in Axes
  8473 | D:9      | Reached XP level 11. HP: 63/73 MP: 11/11
  8528 | D:9      | Noticed a three-headed hydra
  8533 | D:9      | Killed a one-headed hydra
  8706 | D:9      | Found a staircase to the Orcish Mines.
  8709 | D:9      | Noticed a two-headed ogre
  8717 | D:9      | Killed a two-headed ogre
  8943 | D:9      | Found a glowing golden altar of the Shining One.
  8991 | Lair:1   | Entered Level 1 of the Lair of Beasts
  9273 | D:9      | Found a snail-covered altar of Cheibriados.
  9339 | D:9      | Killed an unseen horror
  9426 | D:9      | Found an iron altar of Okawaru.
  9427 | D:9      | Found a bloodstained altar of Trog.
  9560 | D:10     | Entered Level 10 of the Dungeon
  9696 | D:10     | Noticed a two-headed ogre
  9706 | D:9      | Killed a two-headed ogre
  9857 | D:10     | Killed an unseen horror
 10035 | D:10     | Reached ****** piety under Trog
 10928 | D:11     | Reached skill level 13 in Axes
 11225 | D:11     | Noticed a cyclops
 11231 | D:11     | Killed a cyclops
 11453 | D:11     | Reached XP level 12. HP: 67/80 MP: 12/12
 11566 | D:11     | Reached skill level 5 in Armour
 12178 | Lair:1   | Received a gift from Trog
 12188 | Lair:1   | Got a crude war axe {god gift}
 12189 | Lair:1   | Identified the +3 war axe of the Shrike {freeze, rPois
                  | Int+3} (Trog gifted it to you on level 1 of the Lair of
                  | Beasts)
 13136 | Lair:2   | Reached skill level 5 in Dodging
 13142 | Lair:2   | Found a staircase to the Swamp.
 13563 | Lair:3   | Found a hole to the Spider Nest.
 13631 | Lair:3   | Noticed Gastronok
 13659 | Lair:3   | Killed Gastronok
 13659 | Lair:3   | Reached skill level 14 in Axes
 13824 | Lair:3   | Reached XP level 13. HP: 86/87 MP: 13/13
 14377 | Lair:3   | HP: 4/87 [two-headed hydra (5)]
 14377 | Lair:3   | Slain by a two-headed hydra

Skill      XL: |  1  2  3  4  5  6  7  8  9 10 11 12 |
---------------+-------------------------------------+-----
Axes           | 3 5 6 7 8 10 12 13 14 | 14.2
Fighting       | 4 5 6 7 9 10 11 12 | 12.4
Shields        | 3 4 |  4.0
Dodging        | 3 5 |  5.5
Armour         | 4 7 |  7.3

Action                   |  1- 3 |  4- 6 |  7- 9 | 10-12 | 13-15 || total
-------------------------+-------+-------+-------+-------+-------++-------
Melee: Hand axe          |   107 |   127 |       |    11 |       ||   245
       War axe           |       |    41 |   531 |   699 |   116 ||  1387
Throw: Stone             |       |       |       |     3 |     5 ||     8
Invok: Trog's Hand       |       |     2 |     2 |     2 |       ||     6
       Berserk           |       |     1 |     2 |     7 |     1 ||    11
Evoke: Wand              |       |       |       |     4 |       ||     4
  Use: Scroll            |       |     5 |    14 |     4 |       ||    23
       Potion            |       |       |       |     3 |       ||     3
  Eat: Chunk             |       |     8 |    18 |    20 |     2 ||    48
       Ration            |       |       |       |     3 |       ||     3
Armor: Animal skin       |    21 |       |       |       |       ||    21
       Ring mail         |    13 |    89 |   253 |   272 |    35 ||   662
Dodge: Dodged            |    59 |   109 |   328 |   434 |    47 ||   977
Block: Buckler           |       |       |    12 |   132 |    19 ||   163
